cohdb
Replays
Latest Replays
All Replays
Popular Replays
Top Player Replays
Match Explorer
How It Works
Community
CoH3 Stats
Reddit
Sign in to upload your games and track your stats! →
Sign in with Steam
Match 37790250
Unlisted
Match 37790250
Overview
Messages
Build Orders
End
Selects Italian Combined Arms Battlegroup
Selects Bersaglieri Squad
Bersaglieri Squad
Kradschützen Motorcycle Team
Bersaglieri Squad
Construct Light Support Kompanie
MG34 Team
Bersaglieri Squad
2.5-tonne Medical Truck
Selects Bersaglieri Bolster
Fire Support Elements
Pak 38 Mechanized Group
Flakvierling Half-track
Selects Breda Model 30 Light Machine Guns
Pak 38 Anti-tank Gun Team
Veteran Squad Leaders
Construct Panzerarmee Kommand
Selects Semovente da 75/18 Assault Gun
Selects Strafing Run
Panzerpioneer Squad
MG34 Team
Walking Stuka Rocket Launcher
Selects Pact of Steel
Bersaglieri Squad
(502) Bad Gateway
最后一战
0
0
Comments
sign in to comment!
No comments posted yet!